 Dungeon Crawl Stone Soup version 0.15-a0-1253-g15b4f57 (webtiles) character file.

62 Quh the Charmwright (level 3, -5/24 HPs)
             Began as a High Elf Skald on June 4, 2014.
             Killed from afar by Jessica (13 damage)
             ... with a wand of flame
             ... on Level 3 of the Dungeon.
             The game lasted 00:09:19 (2185 turns).

Quh the Charmwright (High Elf Skald)                Turns: 2185, Time: 00:09:19

HP  -5/24        AC  7     Str 11      XL: 3   Next: 85%
MP   9/9         EV 11     Int 16      God:
Gold 45          SH  0     Dex 15      Spells:  3 memorised,  3 levels left

rFire  . . .     SeeInvis .     a - +0 short sword
rCold  . . .     Clarity  .     b - +0 leather armour
rNeg   . . .     rCorr    .     (no shield)
rPois  .         rRot     .     (no helmet)
rElec  .         Spirit   .     t - +2 cloak
SustAb .         Warding  .     p - +0 pair of gloves
rMut   .         Stasis   .     (no boots)
Gourm  .                        (no amulet)
MR     .....                    (no ring)
                                (no ring)

@: not resistant to hostile enchantments, very unstealthy
A: no striking features
a: no special abilities


You were on level 3 of the Dungeon.
You were very hungry.

You visited 1 branch of the dungeon, and saw 3 of its levels.

You collected 45 gold pieces.

Inventory:

Hand weapons
 a - a +0,+0 short sword (weapon)
Missiles
 e - 110 stones (quivered)
 x - 4 javelins
Armour
 b - a +0 leather armour (worn)
 n - a +0 robe
 p - a +0 pair of gloves (worn)
 s - a +0 cloak
 t - a +2 cloak (worn)
Magical devices
 u - a wand of teleportation (1)
Comestibles
 d - a bread ration
 f - a meat ration
 h - a beef jerky
Scrolls
 g - a scroll of recharging {unknown}
 i - a scroll of random uselessness {unknown}
 o - a scroll of magic mapping {unknown}
 q - 2 scrolls of enchant weapon II {unknown}
 w - a scroll of amnesia {unknown}
Jewellery
 j - an uncursed amulet of warding {unknown}
Potions
 k - a potion of agility {unknown}
 l - a potion of brilliance {unknown}
 m - 3 potions of curing {unknown}
 v - a potion of heal wounds {unknown}
Books
 c - a book of Battle

   Spells                             Type                      Level
   *Infusion                          Charms                       1
   *Shroud of Golubria                Charms/Translocation         2
   *Song of Slaying                   Charms                       2
   Spectral Weapon                    Hexes/Charms                 3
   Regeneration                       Charms/Necromancy            3


   Skills:
 + Level 2.0 Fighting
 * Level 3.3 Short Blades
 - Level 0.8 Armour
 + Level 1.8 Dodging
 + Level 3.1 Spellcasting
 * Level 4.3 Charms
 + Level 0.4 Evocations


You had 3 spell levels left.
You knew the following spells:

 Your Spells              Type           Power        Failure   Level  Hunger
a - Infusion              Chrm           ###...       3%          1    #......
b - Shroud of Golubria    Chrm/Tloc      #.........   14%         2    ##.....
c - Song of Slaying       Chrm           ###.....     6%          2    ##.....


Dungeon Overview and Level Annotations

Branches:
Dungeon (3/15)

Altars:
Makhleb
Vehumet

Annotations:
D:3 Jessica


Message History

Your shroud unravels.
Found an escape hatch in the floor.
You now have 45 gold pieces (gained 2).
A hobgoblin comes into view. It is wielding a club.
Jessica the Apprentice Sorceress comes into view.
Jessica shouts!
Jessica zaps a wand.
The puff of flame hits you!
The hobgoblin shouts!
Jessica points at you and mumbles some strange words.
You resist.
A hobgoblin comes into view.
Jessica zaps a wand.
The puff of flame hits you!
Jessica opens the door.
Jessica zaps a wand.
The puff of flame misses you.
Jessica zaps a wand.
The puff of flame misses you.
Jessica zaps a wand.
The puff of flame hits you!
* * * LOW HITPOINT WARNING * * *
Jessica zaps a wand.
The puff of flame hits you!
Ouch! That really hurt!
You die...

######..##@#@....
#..........'.....
#.#####..#.# ##.#># #+#
#g#.# #.# #...# #.#
##..# #.#
######..####.########
+......@............####
#####.......#######.##..
#.......# #.##.#
#.......# #.##.#
#.......# #.##.#
#.......# #.##.#
#.......# #.....
#.......# ####.# ......#
####.#


You could see Jessica and a hobgoblin.

Vanquished Creatures
  An adder (D:3)
  A shadow imp (D:3)
  4 giant geckos
  2 ball pythons (D:2)
  3 bats
  2 giant cockroaches
  7 hobgoblins
  A giant newt (D:1)
  8 goblins
  5 kobolds
  5 rats
39 creatures vanquished.

Notes
Turn   | Place    | Note
--------------------------------------------------------------
     0 | D:1      | Quh, the High Elf Skald, began the quest for the Orb.
     0 | D:1      | Reached XP level 1. HP: 14/14 MP: 4/4
   624 | D:1      | Reached XP level 2. HP: 13/19 MP: 0/6
   628 | D:1      | Learned a level 2 spell: Shroud of Golubria
   631 | D:1      | Learned a level 2 spell: Song of Slaying
  1398 | D:2      | Reached skill level 4 in Charms
  1434 | D:2      | Reached XP level 3. HP: 17/24 MP: 5/8
  2039 | D:2      | Found a radiant altar of Vehumet.
  2040 | D:2      | Found a burning altar of Makhleb.
  2172 | D:3      | Noticed Jessica
  2185 | D:3      | Killed from afar by Jessica

Action                   || total
-------------------------++-------
Melee: Short sword       ||   154
Throw: Stone             ||     2
 Cast: Infusion          ||     7
       Shroud of Golubri ||     8
       Song of Slaying   ||     1
Evoke: Wand              ||     1
